 Dungeon Crawl Stone Soup version 0.20-a0-959-gdc9e609 (webtiles) character file.

26378 Firecrotchwizard the Destroyer (level 13, -2/77 HPs)
             Began as a Gargoyle Fire Elementalist on Apr 7, 2017.
             Was an Elder of Sif Muna.
             Slain by a seven-headed hydra (7 damage)
             ... on level 5 of the Lair of Beasts.
             The game lasted 00:58:00 (15632 turns).

Firecrotchwizard the Destroyer (GrFE)              Turns: 15632, Time: 00:58:00

Health: -2/77      AC: 20    Str: 13    XL:     13   Next: 25%
Magic:  13/35      EV: 14    Int: 20    God:    Sif Muna [****..]
Gold:   1082       SH:  0    Dex: 12    Spells: 8/30 levels left

rFire    + . .     SeeInvis .   F - +8 mace "Jellybane" {distort, rF+ MR+ Dex+2}
rCold    . . .     Gourm    .   (no shield)
rNeg     + + +     Faith    .   x - +3 leather armour "Hosysewogg" {rN+}
rPois    ∞         Spirit   .   W - +2 hat {MR+}
rElec    +         Reflect  .   u - +2 cloak {+Inv}
rCorr    .         Harm     .   (no gloves)
MR       ++...                  (no boots)
Stlth    ++........             D - amulet of regeneration
Regen    0.7/turn               V - ring of magical power
MPRegen  0.3/turn               y - ring of positive energy

@: no status effects
A: negative energy resistance 1, electricity resistance, unbreathing,
petrification resistance, rot immunity, AC +9
a: Divine Energy, Channel Magic, Forget Spell, Renounce Religion, Evoke
Invisibility


You were on level 5 of the Lair of Beasts.
You worshipped Sif Muna.
Sif Muna was greatly pleased with you.
You were hungry.

You visited 3 branches of the dungeon, and saw 16 of its levels.
You also visited: Volcano.

You collected 1082 gold pieces.

Inventory:

Hand Weapons
 r - a +5 club
 F - the +8 mace "Jellybane" (weapon) {distort, rF+ MR+ Dex+2}
   (You found it on level 6 of the Dungeon)

   It warps and distorts space around it.
   Unwielding it can cause banishment or high damage.
   It affects your dexterity (+2).
   It protects you from fire.
   It affects your resistance to hostile enchantments.
Missiles
 A - 4 throwing nets (quivered)
Armour
 u - a +2 cloak of invisibility (worn)
 x - the +3 leather armour "Hosysewogg" (worn) {rN+}
   (You found it on level 2 of the Lair of Beasts)

   It protects you from negative energy.
 M - the +0 leather armour of the Morning Star {+Fly rCorr Slay+3}
   (You found it on level 4 of the Lair of Beasts)

   It affects your accuracy and damage with ranged weapons and melee attacks
   (+3).
   It lets you fly.
   It protects you from acid and corrosion.
 Q - a +2 robe of cold resistance
 W - a +2 hat of magic resistance (worn)
 Y - a +2 robe of fire resistance
Jewellery
 q - an uncursed ring of see invisible
 y - a ring of positive energy (right hand)
 D - an amulet of regeneration (around neck)
 H - an uncursed ring of stealth
 U - an uncursed ring of ice
 V - a ring of magical power (left hand)
Wands
 o - a wand of acid (10/15)
 p - a wand of polymorph (9/24)
Scrolls
 d - a scroll of remove curse
 h - 3 scrolls of fear
 i - 6 scrolls of teleportation
 j - 9 scrolls of identify
 k - a scroll of enchant weapon
 t - 2 scrolls of recharging
 J - a scroll of immolation
 K - 2 scrolls of magic mapping
 N - a scroll of enchant armour
 Z - a scroll of fog
Potions
 a - a potion of haste {unknown}
 e - a potion of agility {unknown}
 g - 2 potions of heal wounds
 l - 5 potions of might
 m - a potion of magic {unknown}
 n - a potion of degeneration {unknown}
 s - 3 potions of ambrosia
 z - 3 potions of curing
 B - 2 potions of lignification
 E - 3 potions of brilliance
 I - 5 potions of flight
 L - a potion of resistance {unknown}
 O - a potion of berserk rage {unknown}
 T - a potion of invisibility
Books
 b - a book of Flames

   Spells                             Type                      Level
   a - Flame Tongue                   Conjuration/Fire             1
   b - Throw Flame                    Conjuration/Fire             2
   c - Conjure Flame                  Conjuration/Fire             3
   d - Inner Flame                    Hexes/Fire                   3
   e - Sticky Flame                   Conjuration/Fire             4
   f - Fireball                       Conjuration/Fire             5
 v - a book of Power

   Spells                             Type                      Level
   a - Iskenderun's Battlesphere      Conjuration/Charms           5
   b - Venom Bolt                     Conjuration/Poison           5
   c - Bolt of Magma                  Conjuration/Fire/Earth       5
   d - Iron Shot                      Conjuration/Earth            6
   e - Orb of Destruction             Conjuration                  7
   f - Spellforged Servitor           Conjuration/Summoning        7
 G - the Catalogue of Battle Magic
   (You acquired it on level 2 of the Lair of Beasts)

   Spells                             Type                      Level
   a - Shock                          Conjuration/Air              1
   b - Iskenderun's Mystic Blast      Conjuration                  4
   c - Bolt of Fire                   Conjuration/Fire             6
   d - Freezing Cloud                 Conjuration/Ice/Air          6
   e - Orb of Destruction             Conjuration                  7
   f - Spellforged Servitor           Conjuration/Summoning        7
 X - a book of the Earth

   Spells                             Type                      Level
   a - Leda's Liquefaction            Hexes/Earth                  4
   b - Bolt of Magma                  Conjuration/Fire/Earth       5
   c - Statue Form                    Transmutation/Earth          6
   d - Iron Shot                      Conjuration/Earth            6
   e - Shatter                        Earth                        9
Comestibles
 c - 11 bread rations
 f - 9 meat rations
 C - 8 royal jellies


   Skills:
 + Level 7.6 Fighting
 - Level 5.8 Dodging
 - Level 2.1 Stealth
 + Level 9.1 Spellcasting
 * Level 13.3 Conjurations
 + Level 10.6 Fire Magic
 - Level 5.3 Earth Magic
 + Level 5.5 Invocations


You had 8 spell levels left.
You knew the following spells:

 Your Spells              Type           Power        Failure   Level  Hunger
a - Flame Tongue          Conj/Fire      #####        1%          1    None
b - Orb of Destruction    Conj           ######....   34%         7    #######
c - Sticky Flame          Conj/Fire      ######..     1%          4    ###....
d - Fireball              Conj/Fire      ######....   1%          5    #####..
e - Bolt of Magma         Conj/Fire/Erth #####.....   6%          5    #####..


Dungeon Overview and Level Annotations

Branches:
Dungeon (10/15)            Temple (1/1) D:6            Lair (5/6) D:10
  Swamp (0/4) Lair:3        Snake (0/4) Lair:2          Orc (0/2) D:10
  Slime: Lair:5-6

Altars:
Ashenzari
Cheibriados
Dithmenos
Elyvilon
Gozag
Hepliaklqana
Kikubaaqudgha
Makhleb
Nemelex Xobeh
Okawaru
Qazlal
Ru
Sif Muna
Trog
Wu Jian
Xom
Yredelemnul
Zin
The Shining One

Shops:
D:6 (   D:10 [

Annotations:
D:3 exclusion: orc priest
D:5 exclusion: orc priest
Lair:1 exclusion: 2 oklob plants
Lair:3 exodus255's ghost, journeyman DDFi
Abyss:1 Erica


Innate Abilities, Weirdness & Mutations

You are resistant to torment.
Your stone body is resilient. (AC +9)
You are immune to poison.
You resist negative energy. (rN+)
You are resistant to electric shocks. (rElec)
You can survive without breathing.
You are immune to petrification.
You are immune to rotting.


Message History

The seven-headed hydra burns!
The bullfrog hits you but does no damage.
The seven-headed hydra bites you!
The seven-headed hydra bites you but does no damage.
The seven-headed hydra bites you! x2
* * * LOW HITPOINT WARNING * * *
The seven-headed hydra bites you but does no damage.
The seven-headed hydra closely misses you.
The seven-headed hydra barely misses you.
The bullfrog hits you but does no damage.
The seven-headed hydra bites you.
* * * LOW HITPOINT WARNING * * *
The seven-headed hydra barely misses you.
The seven-headed hydra bites you.
* * * LOW HITPOINT WARNING * * *
The seven-headed hydra bites you but does no damage.
The seven-headed hydra barely misses you.
The seven-headed hydra closely misses you.
The seven-headed hydra bites you!
You die...

#......... .#... ....
.# ###......... ..
.######..... ....#
..... ...##..........
#....#+..#.P....#..
.......♣.#....FD.# #
....##....#....@##.#
#.#.......##.....#
##.#.........##..PP#
#.#............#....#
#....##........##..##
#...###.♣.###...####
#...##"...####...#
...#.#.......#...#
<.♣#....>....#♣.<#


You could see a seven-headed hydra (burning) and a bullfrog.

Vanquished Creatures
  Josephine (D:10)
  2 hydras
  A dancing weapon (Volcano)
  5 wizards (Volcano)
  Joseph (D:10)
  2 black mambas
  3 elephants
  A toenail golem (Volcano)
  A spiny frog (shapeshifter) (D:9)
  7 spiny frogs
  2 rime drakes
  7 komodo dragons
  A troll (D:9)
  A polar bear (Lair:5)
  Prince Ribbit (D:8)
  A hornet (D:7)
  3 blink frogs (Lair:2)
  3 hippogriffs
  The ghost of Psyclone the Firebug, an amateur DEFE (D:4)
  10 yaks
  2 wyverns (D:10)
  4 wraiths (D:10)
  2 basilisks
  A hungry ghost (D:10)
  3 swamp worms (Lair:3)
  A naga (Lair:2)
  6 water moccasins
  A soldier ant (D:7)
  7 porcupines
  2 ice beasts
  4 orc warriors
  A black bear (D:9)
  A sky beast (D:5)
  3 necrophages
  2 ogres (D:9)
  6 crocodiles
  A phantom (D:9)
  6 wolves (Lair:3)
  5 centaurs
  8 bullfrogs
  A water moccasin zombie (D:6)
  2 wyvern zombies
  A scorpion (D:8)
  A water moccasin skeleton (D:10)
  6 killer bees (D:7)
  10 wights
  4 electric eels (Lair:3)
  A howler monkey (D:8)
  A centaur zombie (D:5)
  A bullfrog zombie (D:10)
  13 orc wizards
  Crazy Yiuf (D:3)
  5 jellies
  4 orc priests
  2 bullfrog skeletons
  6 hounds
  A gnoll shaman (D:9)
  Jessica (D:3)
  Ijyb (D:4)
  2 iguanas
  7 worker ants
  2 killer bee zombies
  A hound zombie (D:8)
  A hound skeleton (D:10)
  A howler monkey zombie (D:5)
  A howler monkey skeleton (D:9)
  9 adders
  13 gnolls
  3 shadow imps
  3 oozes
  An adder skeleton (D:9)
  2 worms (D:3)
  3 dart slugs
  2 leopard geckos
  43 orcs
  8 bats
  6 giant cockroaches
  18 goblins
  14 hobgoblins
  7 jackals
  17 kobolds
  4 quokkas
  2 ball pythons
  5 frilled lizards
  2 leopard gecko skeletons (D:4)
  A quokka skeleton (D:5)
  6 rats
366 creatures vanquished.

Vanquished Creatures (others)
  An elephant (Lair:2)
  3 toenail golems (Volcano)
  A wraith (D:10)
  An acid dragon (D:10)
  A leopard gecko (D:8)
  2 orcs
  6 fungi
  4 plants
19 creatures vanquished.

Grand Total: 385 creatures vanquished

Notes
Turn   | Place    | Note
-------+----------+-------------------------------------------
     0 | D:1      | Firecrotchwizard the Gargoyle Fire Elementalist began the quest for the Orb.
     0 | D:1      | Reached XP level 1. HP: 10/10 MP: 3/3
   196 | D:1      | Reached XP level 2. HP: 15/15 MP: 3/5
   505 | D:1      | Reached skill level 2 in Conjurations
   748 | D:1      | Reached XP level 3. HP: 18/19 MP: 1/6
   800 | D:1      | Learned a level 3 spell: Conjure Flame
  1770 | D:3      | Reached skill level 3 in Conjurations
  1770 | D:3      | Reached XP level 4. HP: 14/24 MP: 0/7
  1919 | D:3      | Noticed Jessica
  1923 | D:3      | Killed Jessica
  1971 | D:3      | Reached XP level 5. HP: 28/28 MP: 9/9
  2195 | D:3      | Found a runed door.
  2199 | D:3      | Noticed Crazy Yiuf
  2204 | D:3      | Killed Crazy Yiuf
  2204 | D:3      | Reached skill level 4 in Conjurations
  2484 | D:4      | Noticed Ijyb
  2490 | D:4      | Killed Ijyb
  2555 | D:4      | Reached XP level 6. HP: 30/32 MP: 10/10
  2561 | D:4      | Learned a level 4 spell: Sticky Flame
  2563 | D:4      | Noticed Psyclone's ghost (amateur DEFE)
  2588 | D:4      | Killed Psyclone's ghost
  2588 | D:4      | Reached skill level 5 in Conjurations
  2857 | D:4      | Reached XP level 7. HP: 34/36 MP: 9/12
  3094 | D:4      | Reached skill level 5 in Fire Magic
  3185 | D:4      | Found a bloodstained altar of Trog.
  3343 | D:4      | Learned a level 5 spell: Fireball
  3377 | D:5      | Entered Level 5 of the Dungeon
  3385 | D:5      | Reached skill level 6 in Conjurations
  3702 | D:5      | Reached XP level 8. HP: 41/41 MP: 7/14
  4069 | D:5      | Found a shadowy altar of Dithmenos.
  4524 | D:6      | Found a staircase to the Ecumenical Temple.
  4538 | D:6      | Reached skill level 7 in Conjurations
  4709 | Temple   | Entered the Ecumenical Temple
  5117 | D:6      | Got a twisted mace
  5118 | D:6      | Identified the +8 mace "Jellybane" {distort, rF+ MR+ Dex+2} (You found it on level 6 of the Dungeon)
  5166 | D:6      | Reached skill level 5 in Spellcasting
  5214 | D:6      | Found Awurus's Antique Weapon Shop.
  5262 | D:6      | Reached skill level 8 in Conjurations
  5263 | D:6      | Reached XP level 9. HP: 40/45 MP: 10/16
  5844 | D:7      | Reached skill level 1 in Fighting
  6115 | D:7      | Noticed a hornet
  6121 | D:7      | Killed a hornet
  6238 | D:7      | HP: 1/49 [killer bee (2)]
  6504 | Temple   | Became a worshipper of Sif Muna the Loreminder
  6750 | D:8      | Found an iron altar of Okawaru.
  6954 | D:8      | Noticed Prince Ribbit
  6960 | D:8      | Killed Prince Ribbit
  6960 | D:8      | Reached skill level 9 in Conjurations
  6960 | D:8      | Reached XP level 10. HP: 56/56 MP: 10/19
  7442 | D:8      | Noticed Erica
  7453 | D:8      | Banished Erica
  7453 | D:8      | Reached * piety under Sif Muna
  7814 | D:9      | Found a sacrificial altar of Ru.
  7987 | D:9      | Got a translucent ring mail
  7998 | D:9      | Identified the +1 ring mail of Dim Light {rCorr} (You found it on level 9 of the Dungeon)
  8635 | D:9      | Found a sparkling altar of Nemelex Xobeh.
  8635 | D:9      | Noticed a spiny frog
  8659 | D:9      | Killed a spiny frog
  8659 | D:9      | Reached skill level 5 in Fighting
  8659 | D:9      | Reached skill level 10 in Conjurations
  8773 | D:10     | Entered Level 10 of the Dungeon
  8787 | D:10     | Reached ** piety under Sif Muna
  8934 | D:10     | Found a staircase to the Orcish Mines.
  8934 | D:10     | Found Yrurat's Armour Shop.
  9179 | D:10     | Noticed Joseph
  9260 | D:10     | Reached XP level 11. HP: 64/64 MP: 17/21
  9372 | D:10     | Noticed Josephine
  9385 | D:10     | Killed Josephine
  9393 | D:10     | Killed Joseph
  9393 | D:10     | Reached skill level 5 in Dodging
  9708 | D:10     | Found an opulent altar of Gozag.
  9764 | D:10     | Reached skill level 11 in Conjurations
 10368 | D:10     | Reached *** piety under Sif Muna
 10437 | D:10     | Found a staircase to the Lair.
 10641 | Lair:1   | Entered Level 1 of the Lair of Beasts
 10868 | Lair:1   | Learned a level 5 spell: Bolt of Magma
 10982 | Lair:1   | Found a dark tunnel.
 10991 | Volcano  | Entered a volcano
 10993 | Volcano  | Noticed a wizard
 11007 | Volcano  | Killed a wizard
 11007 | Volcano  | Reached skill level 1 in Earth Magic
 11039 | Volcano  | Noticed a wizard
 11041 | Volcano  | Paralysed by a wizard for 7 turns
 11053 | Volcano  | Killed a wizard
 11053 | Volcano  | Reached skill level 1 in Invocations
 11082 | Volcano  | Noticed a wizard
 11090 | Volcano  | Killed a wizard
 11131 | Volcano  | Noticed a wizard
 11132 | Volcano  | Noticed a wizard
 11136 | Volcano  | Paralysed by a wizard for 6 turns
 11142 | Volcano  | Killed a wizard
 11142 | Volcano  | Reached XP level 12. HP: 54/71 MP: 15/23
 11641 | Lair:1   | Reached **** piety under Sif Muna
 11641 | Lair:1   | Reached skill level 12 in Conjurations
 12235 | Lair:2   | Got a bloodstained leather armour
 12246 | Lair:2   | Identified the +3 leather armour "Hosysewogg" {rN+} (You found it on level 2 of the Lair of Beasts)
 12387 | Lair:1   | Reached skill level 10 in Fire Magic
 12504 | Lair:2   | Noticed a six-headed hydra
 12510 | Lair:2   | Killed a six-headed hydra
 12683 | Lair:2   | Identified a scroll of acquirement
 12683 | Lair:2   | Identified the Catalogue of Battle Magic (You acquired it on level 2 of the Lair of Beasts)
 12776 | Lair:2   | Found a staircase to the Snake Pit.
 13638 | Lair:3   | Reached skill level 5 in Earth Magic
 13867 | Lair:3   | Noticed exodus255's ghost (journeyman DDFi)
 14209 | Lair:3   | Reached XP level 13. HP: 68/76 MP: 24/25
 14230 | Lair:3   | Found a staircase to the Swamp.
 14239 | Lair:3   | Reached skill level 5 in Invocations
 14584 | Lair:4   | Reached skill level 13 in Conjurations
 14593 | Lair:4   | Reached ***** piety under Sif Muna
 14685 | Lair:4   | Learned a level 7 spell: Orb of Destruction
 14884 | Lair:4   | Received a gift from Sif Muna
 15139 | Lair:4   | Got a jewelled leather armour
 15150 | Lair:4   | Identified the cursed +0 leather armour of the Morning Star {+Fly rCorr Slay+3} (You found it on level 4 of the Lair of Beasts)
 15632 | Lair:5   | Slain by a seven-headed hydra

Vault maps used:
D:1:      saegor_arrival_simple_e
D:3:      xom_teletrap_fun, uniq_crazy_yiuf_cottage, uniq_jessica
D:4:      trog_hazing_becter, uniq_iyjb
D:5:      nicolae_overflow_crystal_walls, chequers_temple_overflow_minitemple,
          first_bread
D:6:      minmay_temple_entry_mist, serial_shops,
          nicolae_shop_competitors_out_of_business
D:8:      corexii_shantytown, basic_altar, uniq_erica, uniq_prince_ribbit1
D:9:      basic_altar, hangedman_fish_farm, grunt_nemelex_the_gamble
D:10:     erik_lair_dragon, orc_david_3,
          nicolae_gozag_cash_rules_everything_around_me, uniq_joseph,
          uniq_josephine
Temple:   nicolae_temple_x_marks_the_god
Lair:1:   lightli_volcano_entry_magma_tube, grunt_megastairs_3,
          minmay_lair_oklob_chamber
Lair:2:   guppyfry_snake_entry_island, grunt_megastairs_1
Lair:3:   nicolae_swamp_entry_splash_gauntlet, serial_bayou_lake_a,
          lemuel_fruit_fields
Lair:4:   infiniplex_staircase_pool
Lair:5:   dpeg_oklob_1, serial_bayou_shore_b, grunt_megastairs_5,
          serial_bayou_shore_b
Volcano:  volcano_bunker

Skill      XL: |  1  2  3  4  5  6  7  8  9 10 11 12 13 |
---------------+----------------------------------------+-----
Conjurations   | 2 3 4 5 6 8 9 10 11 12 13 | 13.3
Spellcasting   | 3 4 5 6 7 8 9 |  9.1
Fire Magic     | 4 5 7 8 9 10 | 10.6
Dodging        | 3 4 5 |  5.8
Fighting       | 3 5 6 7 |  7.6
Earth Magic    | 2 5 |  5.3
Invocations    | 1 4 5 |  5.5
Stealth        | |  2.1

Action                   |  1- 3 |  4- 6 |  7- 9 | 10-12 | 13-15 || total
-------------------------+-------+-------+-------+-------+-------++-------
Melee: Unarmed           |     6 |       |       |       |       ||     6
       Club              |    43 |    41 |       |       |       ||    84
       War axe           |    33 |     7 |       |       |       ||    40
       Quarterstaff      |       |    27 |    79 |       |       ||   106
       Mace              |       |       |    87 |   254 |    29 ||   370
 Cast: Flame Tongue      |    35 |    14 |   139 |   302 |    73 ||   563
       Sticky Flame      |       |       |    20 |    81 |    18 ||   119
       Fireball          |       |       |       |    12 |       ||    12
  Use: Scroll            |       |       |    12 |     9 |     7 ||    28
 Stab: Confused          |       |     1 |     2 |       |       ||     3
       Sleeping          |       |       |     3 |     4 |       ||     7
       Distracted        |       |       |       |     3 |       ||     3
  Eat: Chunk             |     3 |     4 |     7 |    20 |     3 ||    37
       Fruit             |       |       |     2 |     5 |     3 ||    10
       Bread ration      |       |       |     1 |     1 |       ||     2
       Meat ration       |       |       |     1 |       |       ||     1
       Royal jelly       |       |       |       |     2 |       ||     2
Armor: Robe              |    46 |    48 |   133 |    59 |       ||   286
       Leather armour    |       |       |       |    85 |    31 ||   116
Dodge: Dodged            |    73 |    56 |   187 |   274 |    42 ||   632
